 Dungeon Crawl Stone Soup version 0.31-a0-188-g5e087ee2ca (webtiles) character file.

Game seed: 11349205635481011876

62 Demosthentine the Poker (level 3, -1/28 HPs)
             Began as a Demonspawn Gladiator on June 23, 2023.
             Slain by Grinder (5 damage)
             ... on level 3 of the Dungeon.
             The game lasted 00:01:25 (1441 turns).

Demosthentine the Poker (Demonspawn Gladiator)      Turns: 1441, Time: 00:01:26

Health: -1/28      AC:  6    Str: 16    XL:     3   Next: 85%
Magic:  3/3        EV: 12    Int:  9    God:
Gold:   212        SH:  0    Dex: 14    Spells: 2/2 levels left

rFire   . . .        a - +1 trident
rCold   . . .        (no shield)
rNeg    . . .        b - +0 leather armour
rPois   .            c - +0 helmet
rElec   .            k - +1 cloak
rCorr   .            (no gloves)
SInv    .            (no boots)
Will    .....        (no amulet)
Stlth   +            (no ring)
HPRegen 0.24/turn    (no ring)
MPRegen 0.08/turn

%: no passive effects
@: hasted, very quick
A: powered by death 1
a: no special abilities


You were on level 3 of the Dungeon.
You visited 1 branch of the dungeon, and saw 3 of its levels.

You collected 212 gold pieces.

Inventory:

Hand Weapons
 a - a +1 trident (weapon)
Missiles
 d - 2 throwing nets (quivered)
 e - a javelin
 h - 6 poisoned darts
Armour
 b - a +0 leather armour (worn)
 c - a +0 helmet (worn)
 k - a +1 cloak (worn)
Scrolls
 j - a scroll of torment {unknown}
 m - a scroll of enchant armour
Potions
 f - a potion of attraction {unknown}
 g - a potion of cancellation
 l - a potion of curing {unknown}


   Skills:
 + Level 2.7 Fighting
 + Level 3.2 Polearms
 - Level 1.7 Throwing
 + Level 1.3 Armour
 + Level 3.1 Dodging


You had 2 spell levels left.
You didn't know any spells.
Your spell library contained the following spells:

 Spells                   Type           Power      Damage    Failure   Level
 Summon Small Mammal      Summ           0%         N/A       45%         1
 Call Canine Familiar     Summ           0%         N/A       83%         3
 Summon Guardian Golem    Hex/Summ       0%         N/A       83%         3


Dungeon Overview and Level Annotations

Branches:
Dungeon (3/15)

Altars:
Makhleb

Annotations:
D:3 Grinder


Innate Abilities, Weirdness & Mutations

You regenerate a little health from kills.


Message History

j - a scroll labelled WUZIRGH AMADA No target in view!
No target in view!
Grinder comes into view.
Grinder shouts!
Grinder gestures at you.
You suddenly lose the ability to move!
Grinder gestures at you.
You barely resist.
Grinder blinks! x2
You can move again.
Unknown command.
Unknown command.
Unknown command.
Okay, then.
You feel yourself speed up.
Unknown command.
You reach to attack!
You barely miss Grinder. You puncture Grinder!
Grinder is moderately wounded.
Grinder says, "Mostly I couldn't keep them alive."
Grinder hits you.
You writhe in agony.
You hit Grinder.
Grinder is moderately wounded.
Grinder barely misses you.
You hit Grinder.
Grinder is moderately wounded.
You barely miss Grinder.
Grinder is moderately wounded.
Grinder gestures at you. Pain shoots through your body!
Throw: 3 throwing nets
Press: ? - help, Q - select action, (/) - cycle Shift-Dir - straight line, f/p - Grinder
Aim: Grinder (moderately wounded, 55% to hit)
You throw a throwing net.
The throwing net closely misses Grinder.
Grinder hits you!
* * * LOW HITPOINT WARNING * * *
You writhe in agony.
You die...

#........#
#..#.##..#
..#####..#.##..#
...............#
.#####.#..##.###
#.###......#
##.#.....#.#
##.#.####.##
###@.......
#5.....##
#..###.# #..# ..
#..# .(.# .#.. .
.#


You could see Grinder.

Vanquished Creatures
  2 adders
  A worm (D:2)
  A dart slug (D:1)
  7 endoplasms
  3 goblins
  5 hobgoblins
  2 quokkas
  6 ball pythons (D:1)
  4 bats
  A frilled lizard (D:1)
  3 kobolds (D:1)
  2 rats (D:1)
37 creatures vanquished.

Notes
Turn   | Place    | Note
-------+----------+-------------------------------------------
     0 | D:1      | Demosthentine the Demonspawn Gladiator began the quest for
                  | the Orb.
     0 | D:1      | Reached XP level 1. HP: 16/16 MP: 1/1
   253 | D:1      | Gained mutation: You regenerate a little health from kills.
                  | [demonic ancestry]
   253 | D:1      | Reached XP level 2. HP: 21/22 MP: 2/2
   539 | D:1      | Reached skill level 1 in Armour
   575 | D:1      | Reached XP level 3. HP: 28/28 MP: 3/3
  1131 | D:2      | Found a burning altar of Makhleb.
  1426 | D:3      | Noticed Grinder
  1426 | D:3      | Paralysed by Grinder for 5 turns
  1441 | D:3      | Slain by Grinder

Illustrated notes

Levels and vault maps discovered:
D:1:      heliophobic_arrival_dark_side_of_the_moon, layout_basic
D:2:      layout_basic, basic_altar
D:3:      layout_loops_ring, serial_shops, shop,
          minmay_randomly_rotated_circles, uniq_natasha, uniq_sigmund,
          uniq_grinder

Skill      XL: |  1  2 |
---------------+-------+-----
Dodging        | 3 |  3.1
Polearms       | 3 |  3.2
Armour         | 1 |  1.3
Fighting       | |  2.7
Throwing       | |  1.7

Action                     || total
---------------------------++-------
  Melee: Trident           ||   127
  Throw: Throwing net      ||     1
    Use: Scroll            ||     7
         Potion            ||     1
   Stab: Sleeping          ||     5
 Armour: Leather armour    ||    43
  Dodge: Dodged            ||    72

Table legend: (Time is in decaauts)
 A = Elapsed time spent in this place.
 B = Non-inter-level travel time spent in this place.
 C = Inter-level travel time spent in this place.
 D = Time resting spent in this place.
 E = Time spent auto-exploring this place.
 F = Levels seen in this place.
 G = Mean time per level.
                   A        B        C        D        E       F      G
               +--------+--------+--------+--------+--------+-----+--------+
         Total |   1457 |   1448 |      9 |      0 |   1139 |   3 |  485.7 |
       Dungeon |   1457 |   1448 |      9 |      0 |   1139 |   3 |  485.7 |
               +--------+--------+--------+--------+--------+-----+--------+

Top non-repeatable levels by time:
     D:1: 727 daAuts
     D:2: 650 daAuts
     D:3: 79 daAuts
